 Dungeon Sprint DCSS version 0.28-a0-1236-gb25a51b929 (webtiles) character file.

Game seed: 15315023696464790785

1813 mhtbhm the Impaler (level 8, -4/86 HPs)
             Began as a Minotaur Berserker on Dec 25, 2021.
             Was a High Priest of Trog.
             Slain by a skeletal warrior (27 damage)
             ... in the Dungeon (Sprint IX: "|||||||||||||||||||||||||||||").
             The game lasted 00:00:45 (447 turns).

mhtbhm the Impaler (Minotaur Berserker)              Turns: 447, Time: 00:00:46

Health: -4/86      AC: 13    Str: 23    XL:     8   Next: 84%
Magic:  7/7        EV: 14    Int:  4    God:    Trog [*****.]
Gold:   0          SH:  0    Dex: 14    Spells: 7/7 levels left

rFire   . . .      SeeInvis .   a - +2 halberd (venom)
rCold   . . .      Faith    .   (shield currently unavailable)
rNeg    . . .      Spirit   .   b - +2 ring mail
rPois   .          Reflect  .   (helmet restricted)
rElec   .          Harm     .   l - +0 cloak
rCorr   .          Rampage  .   k - +0 pair of gloves
Will    .....      NoTele   +   (no boots)
Stlth   +.........              (no amulet)
HPRegen 0.24/turn               m - +3 ring of dexterity
MPRegen 0.10/turn               n - +2 ring of protection

@: on berserk cooldown, slowed, very slow
A: horns 2, retaliatory headbutt
a: Renounce Religion, Berserk, Trog's Hand, Brothers in Arms


You were in the Dungeon.
You worshipped Trog.
Trog was extremely pleased with you.
You visited 1 branch

Inventory:

Hand Weapons
 a - a +2 halberd of venom (weapon)
Armour
 b - a +2 ring mail (worn)
 k - a +0 pair of gloves (worn)
 l - a +0 cloak (worn)
Jewellery
 m - a +3 ring of dexterity (left hand)
 n - a +2 ring of protection (right hand)
Wands
 j - a wand of iceblast (10)
Scrolls
 h - 2 scrolls of blinking
Potions
 c - 5 potions of curing
 d - 3 potions of heal wounds
 e - a potion of haste
 f - 4 potions of magic
 g - a potion of berserk rage
 i - a potion of invisibility


   Skills:
 + Level 13.4 Fighting
 + Level 16.5 Polearms
 + Level 7.5 Armour
 + Level 8.1 Dodging
 + Level 0.7 Stealth


You had 7 spell levels left.
You didn't know any spells.
Your spell library was empty.

Dungeon Overview and Level Annotations

Branches:
Dungeon (1/1)

Altars:
Cheibriados
Dithmenos
Elyvilon
Fedhas
Gozag
Hepliaklqana
Kikubaaqudgha
Makhleb
Nemelex Xobeh
Okawaru
Qazlal
Ru
Sif Muna
Trog
Uskayaw
Vehumet
Wu Jian
Xom
Yredelemnul
Zin
The Shining One
Beogh
Jiyva
Lugonu


Innate Abilities, Weirdness & Mutations

You have a pair of horns on your head.
You reflexively headbutt those who attack you in melee.


Message History

You hit the skeletal warrior.
The skeletal warrior is lightly damaged.
You are no longer berserk.
You are exhausted.
You feel yourself slow down.
You impale the skeletal warrior!!
The skeletal warrior is heavily damaged.
The skeletal warrior closely misses you.
You furiously retaliate!
You headbutt the skeletal warrior, but do no damage.
You slash the skeletal warrior!
Your headbutt misses the skeletal warrior.
The skeletal warrior is severely damaged.
The skeletal warrior completely misses you.
You hit the skeletal warrior but do no damage.
Your headbutt misses the skeletal warrior.
The skeletal warrior is severely damaged.
The skeletal warrior hits you with a +0 long sword!
You barely miss the skeletal warrior.
The skeletal warrior is severely damaged.
The skeletal warrior hits you with a +0 long sword!
You hit the skeletal warrior.
Your headbutt misses the skeletal warrior.
The skeletal warrior is severely damaged.
The skeletal warrior barely misses you.
You hit the skeletal warrior but do no damage.
The skeletal warrior is severely damaged.
The skeletal warrior closely misses you.
You barely miss the skeletal warrior.
The skeletal warrior is severely damaged.
The skeletal warrior hits you with a +0 long sword.
You closely miss the skeletal warrior.
The skeletal warrior is severely damaged.
The skeletal warrior hits you with a +0 long sword!!
You hit the skeletal warrior but do no damage.
The skeletal warrior is severely damaged.
The skeletal warrior hits you with a +0 long sword!
* * * LOW HITPOINT WARNING * * *
The skeletal warrior hits you with a +0 long sword!!
You die... ▓▓▓▓▓▓▓▓▓▓▓▓▓▓▓▓▓▓▓▓▓▓▓ +...cz@'......)...[..)? ▓▓▓▓▓▓▓▓▓▓▓▓▓▓▓▓▓▓▓▓▓▓▓

You could see a skeletal warrior and a centaur warrior.

Vanquished Creatures
  A boulder beetle (D)
  A manticore (D)
  An unseen horror (D)
  2 yaks (D)
  A wraith (D)
  A centaur (D)
  An orc priest (D)
  2 iguanas (D)
  An adder zombie (D)
  An adder skeleton (D)
  A bat zombie (D)
  2 endoplasms (D)
  A giant cockroach (D)
  A hobgoblin (D)
  A ball python skeleton (D)
  A giant cockroach zombie (D)
  A kobold (D)
20 creatures vanquished.

Notes
Turn   | Place    | Note
-------+----------+-------------------------------------------
     0 | D        | mhtbhm the Minotaur Berserker began the quest for the Orb.
     0 | D        | Reached XP level 1. HP: 19/19 MP: 0/0
     7 | D        | Reached skill level 4 in Polearms
    11 | D        | Reached ** piety under Trog
    41 | D        | Noticed an iguana
    41 | D        | Noticed an iguana
    45 | D        | Killed an iguana
    46 | D        | Reached skill level 5 in Fighting
    46 | D        | Reached skill level 6 in Polearms
    46 | D        | Reached XP level 2. HP: 27/29 MP: 1/1
    46 | D        | Reached XP level 3. HP: 34/36 MP: 2/2
    46 | D        | Reached *** piety under Trog
    54 | D        | Reached skill level 7 in Polearms
    90 | D        | Found a snail-covered altar of Cheibriados.
    90 | D        | Found a shadowy altar of Dithmenos.
    90 | D        | Found a white marble altar of Elyvilon.
    90 | D        | Found a blossoming altar of Fedhas.
    90 | D        | Found an opulent altar of Gozag.
    91 | D        | Found a hazy altar of Hepliaklqana.
    92 | D        | Found a viscous altar of Jiyva.
    93 | D        | Found an ancient bone altar of Kikubaaqudgha.
    94 | D        | Found a corrupted altar of Lugonu.
    95 | D        | Found a burning altar of Makhleb.
    96 | D        | Found a sparkling altar of Nemelex Xobeh.
    97 | D        | Found an iron altar of Okawaru.
    98 | D        | Found a stormy altar of Qazlal.
    99 | D        | Found a sacrificial altar of Ru.
   100 | D        | Found a shimmering blue altar of Sif Muna.
   101 | D        | Found a bloodstained altar of Trog.
   102 | D        | Found a hide-covered altar of Uskayaw.
   103 | D        | Found a radiant altar of Vehumet.
   104 | D        | Found an ornate altar of the Wu Jian Council.
   105 | D        | Found a shimmering altar of Xom.
   106 | D        | Found a basalt altar of Yredelemnul.
   107 | D        | Found a glowing silver altar of Zin.
   108 | D        | Found a glowing golden altar of the Shining One.
   177 | D        | Noticed a yak
   177 | D        | Noticed a wraith
   177 | D        | Noticed a yak
   181 | D        | Reached **** piety under Trog
   184 | D        | Killed a yak
   185 | D        | Reached skill level 10 in Polearms
   185 | D        | Reached skill level 5 in Dodging
   185 | D        | Reached XP level 4. HP: 49/49 MP: 3/3
   185 | D        | Reached XP level 5. HP: 56/56 MP: 4/4
   186 | D        | Reached skill level 5 in Armour
   191 | D        | Killed a wraith
   192 | D        | Reached skill level 10 in Fighting
   192 | D        | Reached skill level 12 in Polearms
   192 | D        | Reached XP level 6. HP: 63/66 MP: 5/5
   193 | D        | Killed a yak
   194 | D        | Reached XP level 7. HP: 64/73 MP: 6/6
   422 | D        | Noticed a centaur warrior
   422 | D        | Noticed a skeletal warrior
   422 | D        | Noticed a manticore
   422 | D        | Noticed a boulder beetle
   426 | D        | Killed a boulder beetle
   426 | D        | Reached ***** piety under Trog
   427 | D        | Reached skill level 15 in Polearms
   427 | D        | Reached XP level 8. HP: 84/84 MP: 7/7
   429 | D        | Killed an unseen horror
   435 | D        | Killed a manticore
   436 | D        | Reached skill level 16 in Polearms
   447 | D        | Slain by a skeletal warrior

Illustrated notes

Levels and vault maps discovered:
D:        linesprint [early_d, line_temple, items_1, d_10, items_2, lair_1,
          lair_end, items_3, orc_1, orc_end, items_4, d_15, swamp_1, shoals_1,
          snake_1, spider_1, d_20, vaults_1, items_5, swamp_end, shoals_end,
          snake_end, spider_end, vaults_end, d_27, items_6, zot_1, zot_end,
          crypt_end, forest_end, elf_end, slime_end, tomb_end, abyss_end,
          pan_hell_end]

Skill      XL: |  1  2  3  4  5  6  7  8 |
---------------+-------------------------+-----
Fighting       | 5 8 10 12 13 | 13.4
Polearms       | 6 10 12 15 16 | 16.5
Armour         | 3 4 5 6 7 |  7.5
Dodging        | 3 5 6 7 8 |  8.1
Stealth        | |  0.7

Action                   |  1- 3 |  4- 6 |  7- 9 || total
-------------------------+-------+-------+-------++-------
Melee: Spear             |    26 |       |       ||    26
       Headbutt          |     6 |     6 |     4 ||    16
       Halberd           |     6 |     8 |    23 ||    37
Invok: Berserk           |     2 |       |     1 ||     3
Armor: Animal skin       |     1 |       |       ||     1
       Ring mail         |     1 |     2 |     5 ||     8
Dodge: Dodged            |     8 |     1 |    12 ||    21

Table legend: (Time is in decaauts)
 A = Elapsed time spent in this place.
 B = Non-inter-level travel time spent in this place.
 C = Inter-level travel time spent in this place.
 D = Time resting spent in this place.
 E = Time spent auto-exploring this place.
 F = Levels seen in this place.
 G = Mean time per level.
                   A        B        C        D        E       F      G
               +--------+--------+--------+--------+--------+-----+--------+
         Total |    458 |    458 |      0 |    309 |      0 |   1 |  458.0 |
       Dungeon |    458 |    458 |      0 |    309 |      0 |   1 |  458.0 |
               +--------+--------+--------+--------+--------+-----+--------+

Top non-repeatable levels by time:
       D: 458 daAuts
